 Dungeon Crawl Stone Soup version 0.23-a0-650-ga4d50d4 (webtiles) character file.

259 Borgoz the Sneak (level 6, -1/37 HPs)
             Began as a Kobold Assassin on Jan 2, 2019.
             Slain by a wraith (12 damage)
             ... in an ossuary.
             The game lasted 00:08:24 (3893 turns).

Borgoz the Sneak (Kobold Assassin)                  Turns: 3893, Time: 00:08:25

Health: -1/37      AC:  5    Str: 11    XL:     6   Next: 40%
Magic:  6/6        EV: 15    Int: 12    God:
Gold:   144        SH:  0    Dex: 16    Spells: 5/5 levels left

rFire    . . .     SeeInvis +   a - +3 dagger
rCold    . . .     Gourm    .   (shield restricted)
rNeg     . . .     Faith    .   c - +0 robe
rPois    .         Spirit   .   (helmet restricted)
rElec    .         Reflect  .   d - +0 cloak
rCorr    .         Harm     .   (no gloves)
MR       .....                  (no boots)
Stlth    ++++......             (no amulet)
HPRegen  0.12/turn              y - ring of see invisible
MPRegen  0.10/turn              (no ring)

@: flying, hasted and slowed
A: small, horns 1, iridescent scales 1, carnivore, sturdy frame 1
a: no special abilities


You were in an ossuary.
You were very full.

You visited 1 branch of the dungeon, and saw 4 of its levels.
You also visited: Ossuary.

You collected 144 gold pieces.

Inventory:

Hand Weapons
 a - a +3 dagger (weapon)
 b - a +0 blowgun
Missiles
 e - 6 poisoned tomahawks (quivered)
 f - 23 poisoned needles
 p - 2 curare-tipped needles
Armour
 c - a +0 robe (worn)
 d - a +0 cloak (worn)
Jewellery
 y - a ring of see invisible (left hand)
Wands
 z - a wand of digging (4)
Scrolls
 j - a scroll of blinking
 k - a scroll of enchant weapon
 l - a scroll of remove curse
 o - a scroll of teleportation
 q - a scroll of amnesia
Potions
 i - 3 potions of curing
 t - 2 potions of mutation
 u - a potion of berserk rage {unknown}
 v - a potion of brilliance {unknown}
 x - a potion of lignification {unknown}
 A - a potion of magic {unknown}
Comestibles
 g - 9 rations


   Skills:
 + Level 3.4 Fighting
 + Level 4.4 Short Blades
 + Level 2.6 Throwing
 + Level 2.5 Dodging
 + Level 7.8 Stealth


You had 5 spell levels left.
You didn't know any spells.
Your spell library contained the following spells:

 Spells                   Type           Power        Failure   Level  Hunger
 Animate Skeleton         Necr           N/A          32%         1    ##.....
 Apportation              Tloc           #.....       32%         1    ##.....
 Confusing Touch          Hex            #.....       32%         1    ##.....
 Summon Small Mammal      Summ           #...         32%         1    ##.....


Dungeon Overview and Level Annotations

Branches:
Dungeon (4/15)
 Temple: D:4-7

Altars:
Cheibriados
Nemelex Xobeh


Innate Abilities, Weirdness & Mutations

You are small and have problems with some larger weapons.
You are carnivorous and can eat meat at any time.
You have a pair of small horns on your head.
You are partially covered in iridescent scales. (AC +2)
Your movements are slightly less encumbered by armour. (ER -2)


Message History

The wraith hits you. The wraith drains your vigour!
You feel as though you will be slow longer.
You hit the wraith. You headbutt the wraith.
The wraith is moderately damaged.
The wraith barely misses you.
You hit the wraith but do no damage.
The wraith is moderately damaged.
The wraith barely misses you.
You closely miss the wraith.
The wraith is moderately damaged.
The wraith hits you.
* * * LOW HITPOINT WARNING * * *
The wraith drains your vigour!
You feel as though you will be slow longer.
You hit the wraith.
The wraith is heavily damaged.
You hit the wraith but do no damage.
The wraith is heavily damaged.
The wraith hits you!
You die...

### ### ##.. ..##
#...#####...#
..##...##.. .
##.??!.## . ..
#.?!!!..# ..
...##..W!.##...
#...##.@.##...# .
#...##'##...#
...##.........##..
....#####'#####...
..................
..................
########'''#######
####...####
#..'...'..#


You could see a wraith.

Vanquished Creatures
  Terence (D:2)
  An iguana (D:4)
  A worker ant (D:4)
  A hound skeleton (D:4)
  A mummy (Ossuary)
  7 adders
  An ooze (D:1)
  An adder skeleton (D:4)
  2 worms (D:2)
  4 dart slugs
  A leopard gecko (D:3)
  4 orcs
  2 ball pythons (D:2)
  6 bats (D:1)
  2 giant cockroaches
  7 goblins
  6 hobgoblins
  5 jackals
  6 frilled lizards
  3 gnoll skeletons (Ossuary)
  7 kobolds
  3 kobold skeletons (Ossuary)
  5 orc skeletons (Ossuary)
  3 rats
80 creatures vanquished.

Notes
Turn   | Place    | Note
-------+----------+-------------------------------------------
     0 | D:1      | Borgoz the Kobold Assassin began the quest for the Orb.
     0 | D:1      | Reached XP level 1. HP: 12/12 MP: 1/1
    97 | D:1      | Reached XP level 2. HP: 8/17 MP: 2/2
   495 | D:1      | Reached skill level 6 in Stealth
   552 | D:1      | Reached XP level 3. HP: 22/22 MP: 3/3
  1289 | D:2      | Reached XP level 4. HP: 22/27 MP: 4/4
  1833 | D:2      | Noticed Terence
  1835 | D:2      | Killed Terence
  1841 | D:2      | Reached XP level 5. HP: 27/32 MP: 5/5
  1960 | D:2      | Reached skill level 7 in Stealth
  3282 | D:4      | Reached XP level 6. HP: 19/37 MP: 6/6
  3439 | D:4      | Found a sparkling altar of Nemelex Xobeh.
  3451 | D:4      | Found a snail-covered altar of Cheibriados.
  3487 | D:4      | Found a sand-covered staircase.
  3550 | Ossuary  | Entered an ossuary
  3550 | Ossuary  | Noticed a wraith
  3550 | Ossuary  | Noticed a wraith
  3550 | Ossuary  | Noticed a wraith
  3873 | Ossuary  | Noticed a wraith
  3882 | Ossuary  | Gained mutation: You are partially covered in iridescent
                  | scales. (AC +2) [potion of mutation]
  3882 | Ossuary  | Gained mutation: You have a pair of small horns on your
                  | head. [potion of mutation]
  3882 | Ossuary  | Gained mutation: Your movements are slightly less
                  | encumbered by armour. (ER -2) [potion of mutation]
  3893 | Ossuary  | Slain by a wraith

Vault maps used:
D:1:      matt_arrival_grand_opening, minmay_misc_feat_more_columns
D:2:      uniq_terence
D:3:      chequers_avenue, kennysheep_generic_room_11
D:4:      kennysheep_slug_shrine, overflow_temple_1_default,
          nicolae_overflow_crystal_walls, first_ration,
          nicolae_ossuary_entry_monument
Ossuary:  ossuary_due_mausoleum

Skill      XL: |  1  2  3  4  5 |
---------------+----------------+-----
Stealth        | 6 7 |  7.8
Short Blades   | 3 4 |  4.4
Fighting       | 3 |  3.4
Dodging        | 2 |  2.5
Throwing       | |  2.6

Action                   |  1- 3 |  4- 6 || total
-------------------------+-------+-------++-------
Melee: Dagger            |   103 |   219 ||   322
       Headbutt          |       |     2 ||     2
 Fire: Blowgun           |     4 |     9 ||    13
  Use: Scroll            |       |    11 ||    11
       Potion            |       |     5 ||     5
 Stab: Sleeping          |    11 |    17 ||    28
  Eat: Chunk             |     9 |     8 ||    17
Armor: Robe              |    21 |    37 ||    58
Dodge: Dodged            |    60 |   121 ||   181

Table legend:
 A = Non-vault XP
 B = Vault XP
 C = Vault XP percentage of total XP
 D = Non-vault monster count
 E = Vault monster count
 F = Vault count percentage of total count
                 A         B        C        D         E       F
            +---------+---------+-------+---------+---------+-------
      Total |     301 |      70 |  18.9 |      65 |      15 |  18.8
            +---------+---------+-------+---------+---------+-------
        D:1 |      56 |       0 |   0.0 |      27 |       0 |   0.0
        D:2 |      84 |      36 |  30.0 |      18 |       1 |   5.3
        D:3 |      54 |       1 |   1.8 |      14 |       1 |   6.7
        D:4 |     107 |       4 |   3.6 |       6 |       1 |  14.3
    Ossuary |       0 |      29 | 100.0 |       0 |      12 | 100.0
            +---------+---------+-------+---------+---------+-------
